 Dungeon Crawl Stone Soup version 0.19-a0-1109-g16db51f (webtiles) character file.

48 JeffiDaFish the Digger (level 3, -3/28 HPs)
             Began as a Deep Dwarf Earth Elementalist on Aug 9, 2016.
             Slain by a worm (4 damage)
             ... on level 2 of the Dungeon.
             The game lasted 00:15:49 (2690 turns).

JeffiDaFish the Digger (DDEE)                       Turns: 2690, Time: 00:15:50

Health: -3/28      AC:  2    Str: 13    XL:     3   Next: 50%
Magic:  2/6        EV: 13    Int: 14    God:
Gold:   163        SH:  0    Dex: 13    Spells: 2 memorised, 3 levels left

rFire  . . .     SeeInvis .     l - +0 spear
rCold  . . .     Gourm    .     c - +0 robe
rNeg   . . .     Faith    .     (no shield)
rPois  .         Spirit   .     (no helmet)
rElec  .         Dismiss  .     (no cloak)
rCorr  .         Reflect  .     (no gloves)
SustAt .         Harm     .     (no boots)
MR     .....                    (no amulet)
Stlth  ++........               (no ring)
                                (no ring)

@: very slightly contaminated, non-regenerating
A: damage resistance, recharge devices, blink, dopey 1, sense surroundings 1,
slow regeneration 3, strong 1
a: Device Recharging, Blink


You were on level 2 of the Dungeon.
You were not hungry.

You visited 1 branch of the dungeon, and saw 2 of its levels.

You collected 163 gold pieces.

Inventory:

Hand Weapons
 l - a +0 spear (weapon)
Missiles
 b - 126 stones (quivered)
Armour
 c - a +0 robe (worn)
Wands
 d - a wand of heal wounds (4/9)
Scrolls
 h - a scroll of remove curse {unknown}
 i - a scroll of recharging {unknown}
 j - a scroll of identify
 n - a scroll of amnesia {unknown}
Potions
 k - a potion of berserk rage
Books
 e - a book of Geomancy

   Spells                             Type                      Level
   a - Sandblast                      Earth                        1
   b - Passwall                       Transmutation/Earth          2
   c - Stone Arrow                    Conjuration/Earth            3
   d - Petrify                        Transmutation/Earth          4
   e - Lee's Rapid Deconstruction     Earth                        5
Comestibles
 a - 2 fruits
 f - a bread ration
 g - a slice of pizza
 m - a chunk of flesh
 o - a meat ration


   Skills:
 + Level 0.1 Fighting
 + Level 0.1 Polearms
 + Level 2.8 Dodging
 + Level 2.8 Stealth
 + Level 2.1 Spellcasting
 + Level 0.8 Transmutations
 + Level 4.9 Earth Magic


You had 3 spell levels left.
You knew the following spells:

 Your Spells              Type           Power        Failure   Level  Hunger
a - Sandblast             Erth           ###...       2%          1    ##.....
b - Passwall              Tmut/Erth      #.........   14%         2    ###....


Dungeon Overview and Level Annotations

Branches:
Dungeon (2/15)

Altars:


Innate Abilities, Weirdness & Mutations

You are resistant to damage.
You can recharge devices by infusing magical energy.
You passively map a small area around you.
You do not regenerate naturally.
You can translocate small distances at will.
You are dopey. (Int -2)
Your muscles are strong. (Str +2)


Message History

The worm is severely wounded.
The worm bites you!
* * * LOW HITPOINT WARNING * * *
Casting: Sandblast
Confirm with . or Enter, or press ? or * to list all spells.
Aiming: Sandblast
Press: ? - help, Shift-Dir - straight line, f/p - worm
Aim: a worm (severely wounded)
The blast of sand hits the worm.
The worm is almost dead.
Casting: Sandblast
Confirm with . or Enter, or press ? or * to list all spells.
Aiming: Sandblast
Press: ? - help, Shift-Dir - straight line, f/p - worm
Aim: a worm (almost dead)
You miscast Sandblast.
You are very lightly contaminated with residual magic.
You are showered with tiny particles of grit.
The worm bites you.
You die...

, , , ## *
* ,, , ,..
, ,
#####.#####
,
......w@†.#
*
#####!###.#
, *, , , ..
#...# ###
## #.### *
#.#######.#
#.........#
+,
#.#########
, #.# #.#


You could see a worm.

Vanquished Creatures
  An adder (D:2)
  A worm (D:2)
  2 dart slugs (D:2)
  8 bats
  3 giant cockroaches (D:1)
  4 goblins
  3 hobgoblins
  4 kobolds
  A quokka (D:2)
  2 rats (D:2)
29 creatures vanquished.

Notes
Turn   | Place    | Note
-------+----------+-------------------------------------------
     0 | D:1      | JeffiDaFish the Deep Dwarf Earth Elementalist began the quest for the Orb.
     0 | D:1      | Reached XP level 1. HP: 15/15 MP: 3/3
   368 | D:1      | Reached XP level 2. HP: 20/22 MP: 4/4
   378 | D:1      | Learned a level 2 spell: Passwall
  1276 | D:2      | Gained mutation: You can translocate small distances at will. [potion of mutation]
  1276 | D:2      | Gained mutation: You are dopey. (Int -2) [potion of mutation]
  1276 | D:2      | Gained mutation: Your muscles are strong. (Str +2) [potion of mutation]
  2112 | D:2      | Reached XP level 3. HP: 26/28 MP: 1/6
  2688 | D:2      | HP: 1/28 [worm (6)]
  2690 | D:2      | Slain by a worm

Vault maps used:
D:1:      onia_arrival_mini_maze, minmay_statues_item

Skill      XL: |  1  2 |
---------------+-------+-----
Spellcasting   | 2 |  2.1
Fighting       | |  0.1
Polearms       | |  0.1
Dodging        | |  2.8
Stealth        | |  2.8
Transmutations | |  0.8
Earth Magic    | |  4.9

Action                   || total
-------------------------++-------
Melee: Unarmed           ||    23
       Spear             ||    89
Throw: Stone             ||     2
 Cast: Sandblast         ||    41
       Passwall          ||     2
Evoke: Wand              ||     1
  Use: Scroll            ||     2
       Potion            ||     2
 Stab: Sleeping          ||     3
  Eat: Fruit             ||     2
       Chunk             ||     2
       Bread ration      ||     1
Armor: Robe              ||    30
       Skin              ||     1
Dodge: Dodged            ||    92
